 Dungeon Crawl Stone Soup version 0.29-a0-214-g17f627cfee (webtiles) character file.

Game seed: 5942712689843177957

268 bande the Covered (level 6, -31/38 HPs)
             Began as a Gargoyle Fighter on Feb 25, 2022.
             Killed from afar by an ophan (32 damage)
             ... with a bolt of fire
             ... on level 2 of the Abyss.
             The game lasted 00:05:37 (4151 turns).

bande the Covered (Gargoyle Fighter)                Turns: 4151, Time: 00:05:39

Health: -31/38     AC: 17    Str: 20    XL:     6   Next: 21%
Magic:  6/6        EV:  7    Int: 11    God:
Gold:   187        SH:  4    Dex: 11    Spells: 5/5 levels left

rFire   . . .      SeeInvis .   a - +1 war axe
rCold   . . .      Faith    .   c - +0 buckler
rNeg    + . .      Spirit   .   l - +0 chain mail
rPois   ∞          Reflect  .   j - +2 helmet {Int+3}
rElec   +          Harm     .   (no cloak)
rCorr   .          Rampage  .   (no gloves)
Will    .....                   (no boots)
Stlth   ..........              (no amulet)
HPRegen 0.12/turn               (no ring)
MPRegen 0.10/turn               (no ring)

@: glowing
A: sickness immunity, AC +4, negative energy resistance 1, electricity
resistance, torment resistance 1, petrification resistance
a: no special abilities


You were on level 2 of the Abyss.
You visited 1 branch of the dungeon, and saw 3 of its levels.
You visited the Abyss 1 time.

You collected 187 gold pieces.

Inventory:

Hand Weapons
 a - a +1 war axe (weapon)
 k - a +0 flail
Armour
 c - a +0 buckler (worn)
 j - a +2 helmet of intelligence (worn)
 l - a +0 chain mail (worn)
Jewellery
 i - a ring of fire
Scrolls
 b - a scroll of teleportation
 m - a scroll of blinking
Potions
 d - a potion of might
 e - a potion of brilliance {unknown}
 f - 3 potions of curing {unknown}
 g - a potion of ambrosia {unknown}
 h - a potion of berserk rage {unknown}
 o - a potion of haste {unknown}
 p - a potion of flight {unknown}


   Skills:
 + Level 4.3 Fighting
 + Level 4.0 Axes
 + Level 4.7 Armour
 + Level 3.8 Shields


You had 5 spell levels left.
You didn't know any spells.
Your spell library contained the following spells:

 Spells                   Type           Power      Damage    Failure   Level
 Ensorcelled Hibernation  Hex/Ice        0%         N/A       100%        2
 Spider Form              Tmut/Pois      0%         N/A       100%        3
 Anguish                  Hex/Necr       0%         N/A       100%        4


Dungeon Overview and Level Annotations

Branches:
Dungeon (3/15)

Altars:
Qazlal

Shops:
D:1 !


Innate Abilities, Weirdness & Mutations

You are immune to sickness and miasma.
Your stone body is resilient. (AC +4)
You are immune to poison.
You resist negative energy. (rN+)
You are resistant to electric shocks. (rElec)
You are resistant to unholy torment.
You are immune to petrification.


Message History

You climb upwards.
There is a stone staircase leading down here.
You start resting.
HP restored.
You start waiting.
Done waiting.
You start waiting.
Done waiting.
You climb downwards.
The kobold brigand hits you but does no damage.
You are cast into the Abyss!
This branch contains the abyssal rune of Zot.
You can't go up here!
No target in view!
Found a gateway leading deeper into the Abyss.
No target in view!
A small abomination comes into view.
You slash the small abomination!
The small abomination is heavily damaged.
The small abomination hits you!
You hit the small abomination.
The small abomination is heavily damaged.
The small abomination barely misses you.
You hit the small abomination.
The small abomination is severely damaged.
The small abomination hits you! x2
* * * LOW HITPOINT WARNING * * *
You slash the small abomination!
You destroy the small abomination!
That felt strangely unrewarding.
A fire elemental comes into view.
Found a plate armour.
A water elemental comes into view.
An ophan comes into view.
The ophan turns its gaze towards you.
The water elemental is engulfed in blazing flames.
The ophan harnesses the cleansing power of fire!
The bolt of fire hits you!!
Ouch! That really hurt!
You die...

..# #. # ##.. ..# .#
#...# [○##. ###
#.#..#.☼#. .. .....#○.
## # ..# #...E.# .# #.##
.# #.....##.# ###.. ..#
#@...#####.#....##
.#..#...#...# ..##...
#....##.##.... .#.# ..
#..#....§......#...#.#
.......##..#.#........##
.G##.#. #.###..#.#.# ...
# ##.# ## .#.#...... . #
##.... ##...# .##...#..#


You could see an ophan and a fire elemental.

Vanquished Creatures
  A small abomination (Abyss:2)
  A water moccasin skeleton (D:3)
  The ghost of Zeldest the Ruffian, a weakling VSCK of Xom (D:2)
  Robin (D:2)
  7 gnolls
  3 adders
  3 worms
  A dart slug (D:1)
  An orc (D:3)
  4 bats
  5 endoplasms
  7 giant cockroaches
  16 goblins
  5 hobgoblins
  5 quokkas
  4 ball pythons
  2 frilled lizards (D:3)
  3 kobolds
  3 rats
73 creatures vanquished.

Vanquished Creatures (others)
  A fungus (D:3)
  3 plants (D:3)
4 creatures vanquished.

Grand Total: 77 creatures vanquished

Notes
Turn   | Place    | Note
-------+----------+-------------------------------------------
     0 | D:1      | bande the Gargoyle Fighter began the quest for the Orb.
     0 | D:1      | Reached XP level 1. HP: 14/14 MP: 1/1
   147 | D:1      | Reached XP level 2. HP: 19/19 MP: 2/2
   333 | D:1      | Found a faded altar of an unknown god.
   522 | D:1      | Found Quoguat's Distillery.
   691 | D:1      | Reached XP level 3. HP: 23/23 MP: 3/3
  1332 | D:2      | Reached XP level 4. HP: 29/29 MP: 4/4
  1359 | D:2      | Noticed Robin
  1366 | D:2      | Killed Robin
  2131 | D:2      | Reached XP level 5. HP: 30/33 MP: 5/5
  2522 | D:3      | Found a stormy altar of Qazlal.
  3153 | D:3      | Found a runed translucent gate.
  3153 | D:3      | Found a runed translucent gate.
  3154 | D:3      | Found a runed translucent gate.
  3161 | D:3      | Noticed Zeldest's ghost (weakling VSCK)
  3162 | D:3      | Noticed a kobold brigand
  3246 | D:3      | Reached XP level 6. HP: 38/38 MP: 6/6
  3534 | D:2      | Killed Zeldest's ghost
  3724 | D:3      | Paralysed by a kobold for 5 turns
  4082 | D:3      | Cast into level 2 of the Abyss (kobold brigand)
  4146 | Abyss:2  | HP: 1/38 [small abomination (14)]
  4149 | Abyss:2  | Noticed a fire elemental
  4150 | Abyss:2  | Noticed a water elemental
  4151 | Abyss:2  | Noticed an ophan
  4151 | Abyss:2  | Killed from afar by an ophan

Illustrated notes

Levels and vault maps discovered:
D:1:      sevenhm_arrival_forest_fort_small_6, layout_basic,
          chequers_ecumenical_altar_island, serial_shops, nicolae_shop_stone,
          hex_intersection
D:2:      layout_rooms, uniq_robin
D:3:      layout_rooms, mainiacjoe_overflow_cross_hatched,
          gammafunk_ghost_nasty_kobolds, dk_vineyard_2, serial_bayou_lagoon_a
Abyss:2:  base: Temple, hangedman_abyss_river_spirits

Skill      XL: |  1  2  3  4  5  6 |
---------------+-------------------+-----
Axes           | 2 3 4 |  4.0
Armour         | 4 |  4.7
Fighting       | 4 |  4.3
Shields        | |  3.8

Action                   |  1- 3 |  4- 6 || total
-------------------------+-------+-------++-------
Melee: War axe           |    78 |   140 ||   218
  Use: Scroll            |     4 |     2 ||     6
Armor: Scale mail        |    53 |    78 ||   131
       Chain mail        |       |    32 ||    32
Dodge: Dodged            |    55 |    79 ||   134
Block: Buckler           |    18 |    47 ||    65

Table legend: (Time is in decaauts)
 A = Elapsed time spent in this place.
 B = Non-inter-level travel time spent in this place.
 C = Inter-level travel time spent in this place.
 D = Time resting spent in this place.
 E = Time spent auto-exploring this place.
 F = Levels seen in this place.
 G = Mean time per level.
                   A        B        C        D        E       F      G
               +--------+--------+--------+--------+--------+-----+--------+
         Total |   4256 |   4256 |      0 |   2171 |   1302 |   4 | 1064.0 |
       Dungeon |   4185 |   4185 |      0 |   2171 |   1302 |   3 | 1395.0 |
         Abyss |     70 |     70 |      0 |      0 |      0 |   1 |   70.0 |
               +--------+--------+--------+--------+--------+-----+--------+

Top non-repeatable levels by time:
     D:2: 2191 daAuts
     D:1: 1301 daAuts
     D:3: 693 daAuts
 Abyss:2: 70 daAuts
